 Dungeon Crawl Stone Soup version 0.30-a0-757-ga6a79fd877 (webtiles) character file.

Game seed: 14221626093095866655

1922 Newt the Skirmisher (level 9, -4/54 HPs)
             Began as a Kobold Hunter on Feb 9, 2023.
             Was an Initiate of Hepliaklqana.
             Killed from afar by a steam dragon (9 damage)
             ... with a ball of steam
             ... on level 7 of the Dungeon.
             The game lasted 00:06:46 (7049 turns).

Newt the Skirmisher (Kobold Hunter)                 Turns: 7049, Time: 00:06:47

Health: -4/54      AC: 15    Str:  9    XL:     9   Next: 39%
Magic:  0/9        EV:  7    Int: 10    God:    Hepliaklqana [......]
Gold:   319        SH:  0    Dex: 22    Spells: 8/8 levels left

rFire   . . .      SeeInvis .    o - +3 sling
rCold   . . .      Faith    .    (no shield)
rNeg    + + +      Spirit   +    n - +1 chain mail of Saicybe {rN+++}
rPois   .          Reflect  .    x - +2 hat
rElec   .          Harm     .    b - +2 cloak
rCorr   +          Rampage  .    w - +0 pair of gloves
Will    .....                    (no boots) Stlth
                                 y - amulet of guardian spirit
HPRegen 0.29/turn                u - ring of resist corrosion
MPRegen 0.11/turn                (no ring)

@: studying Polearms
A: small, no large weapons, nightstalker 3
a: Renounce Religion


You were on level 7 of the Dungeon.
You worshipped Hepliaklqana.
Hepliaklqana was noncommittal.
You visited 2 branches of the dungeon, and saw 8 of its levels.
You also visited: Sewer.

You collected 319 gold pieces.

Inventory:

Hand Weapons
 a - a +0 shortbow
 l - a +0 club
 o - a +3 sling (weapon)
Armour
 b - a +2 cloak (worn)
 c - a +0 leather armour
 n - the +1 chain mail of Saicybe (worn) {rN+++}
   (You found it on level 3 of the Dungeon)

   rN:        It renders you almost immune to negative energy.
 w - a +0 pair of gloves (worn)
 x - a +2 hat (worn)
Jewellery
 d - a ring of fire
 i - an amulet of the acrobat
 u - a ring of resist corrosion (left hand)
 y - an amulet of guardian spirit (around neck)
 z - a ring of poison resistance
Scrolls
 s - a scroll of teleportation
Potions
 e - 2 potions of heal wounds
 f - 3 potions of haste
 g - 2 potions of invisibility
 h - 2 potions of magic
 j - 5 potions of resistance
 k - 2 potions of brilliance
 m - a potion of berserk rage
 p - a potion of degeneration
 q - 2 potions of curing
 r - 2 potions of cancellation {unknown}
 t - 2 potions of mutation {unknown}
 v - 2 potions of might {unknown}


   Skills:
 - Level 5.0 Fighting
 + Level 13.7 Ranged Weapons
 - Level 6.0 Dodging
 - Level 1.3 Stealth


You had 8 spell levels left.
You didn't know any spells.
Your spell library contained the following spells:

 Spells                   Type           Power      Damage    Failure   Level
 Apportation              Tloc           0%         N/A       100%        1
 Slow                     Hex            0%         N/A       100%        1
 Confusing Touch          Hex            0%         N/A       100%        3
 Vampiric Draining        Necr           0%         2d6       100%        3
 Alistair's Intoxication  Tmut/Pois      0%         N/A       100%        5
 Conjure Ball Lightning   Conj/Air       0%         3x3d6     100%        6
 Discord                  Hex            0%         N/A       100%        8
 Disjunction              Tloc           0%         N/A       100%        8


Dungeon Overview and Level Annotations

Branches:
Dungeon (7/15)             Temple (1/1) D:5           Sewer (visited)

Altars:
Ashenzari
Cheibriados
Dithmenos
Elyvilon
Fedhas
Gozag
Hepliaklqana
Kikubaaqudgha
Makhleb
Nemelex Xobeh
Okawaru
Qazlal
Ru
Sif Muna
Trog
Uskayaw
Vehumet
Wu Jian
Xom
Yredelemnul
Zin
The Shining One

Annotations:
D:6 3 runed translucent doors, Esekla's ghost, amateur OpDe; TheSexyCheese's ghost, novice FeBe; bmack86's ghost, novice MiFi; browni3141's ghost, novice HuGl


Innate Abilities, Weirdness & Mutations

You are small and have problems with some larger weapons.
You are completely attuned to the shadows.


Message History

The howler monkey attacks as you move away!
The howler monkey hits you but does no damage.
Fire: o) +3 sling
Press: ? - help, Shift-Dir - straight line, f/p - steam dragon
Aim: a steam dragon (almost dead, 71% to hit)
You shoot a sling bullet.
The sling bullet hits the howler monkey!
The howler monkey is severely wounded.
The howler monkey hits you but does no damage. x2
Fire: o) +3 sling
Press: ? - help, Shift-Dir - straight line, f/p - steam dragon
Aim: a steam dragon (almost dead, 71% to hit)
You shoot a sling bullet.
The sling bullet hits the howler monkey!
You kill the howler monkey!
The steam dragon breathes steam at you. The ball of steam misses you.
A howler monkey comes into view.
Fire: o) +3 sling
Press: ? - help, Shift-Dir - straight line, f/p - steam dragon
Aim: a steam dragon (steam, almost dead, catching its breath, 71% to hit)
You shoot a sling bullet.
The sling bullet barely misses the steam dragon.
The sling bullet completely misses the howler monkey.
You are engulfed in a cloud of scalding steam.
* * * LOW HITPOINT WARNING * * *
The steam dragon bites you but does no damage.
The steam dragon claws you but does no damage.
Fire: o) +3 sling
Press: ? - help, Shift-Dir - straight line, f/p - steam dragon
Aim: a steam dragon (steam, almost dead, catching its breath, 71% to hit)
You shoot a sling bullet. The sling bullet hits the steam dragon.
The steam dragon is almost dead.
You are engulfed in a cloud of scalding steam.
* * * LOW HITPOINT WARNING * * *
The steam dragon bites you but does no damage.
The steam dragon claws you but does no damage.
The steam dragon breathes steam at you. The ball of steam hits you!
You die...

..P~~#
######.#.###
♣♣...# #.#.#
.♣♣..# #.#.#
.P♣.♣# #.#.#
...P♣ #...##
..♣.♣ #....#
P♣♣.P.
#§.#.#
♣♣P...#
#§##.#
...≈~.#
#@##.# ♣P.~
#D##'# ###
#h....
#.....
<.....
##....


You could see a steam dragon (catching breath) and a howler monkey.

Vanquished Creatures
  A two-headed ogre (D:6)
  Sigmund (D:2)
  2 water moccasins
  A black bear (D:6)
  2 kobold brigands
  A bullfrog (D:7)
  2 necrophages
  A howler monkey (D:7)
  A hound (D:7)
  An orc priest (D:5)
  4 jellies
  2 iguanas
  5 orc wizards
  7 adders
  3 shadow imps
  A white imp (D:5)
  2 ufetubi
  A worm (D:2)
  3 dart slugs
  7 orcs
  6 endoplasms
  8 giant cockroaches
  7 goblins
  5 hobgoblins
  23 kobolds
  4 quokkas
  7 ball pythons
  7 bats
  3 frilled lizards
  5 rats
  A butterfly (D:7)
124 creatures vanquished.

Vanquished Creatures (others)
  A plant (Sewer)
1 creature vanquished.

Grand Total: 125 creatures vanquished

Notes
Turn   | Place    | Note
-------+----------+-------------------------------------------
     0 | D:1      | Newt the Kobold Hunter began the quest for the Orb.
     0 | D:1      | Reached XP level 1. HP: 12/12 MP: 1/1
   124 | D:1      | Reached XP level 2. HP: 18/18 MP: 2/2
   895 | D:1      | Reached XP level 3. HP: 23/23 MP: 3/3
  1355 | D:2      | Noticed Sigmund
  1362 | D:2      | Killed Sigmund
  1363 | D:2      | Reached skill level 5 in Fighting
  1363 | D:2      | Reached skill level 7 in Ranged Weapons
  1363 | D:2      | Reached XP level 4. HP: 12/31 MP: 4/4
  1363 | D:2      | Reached XP level 5. HP: 14/35 MP: 5/5
  1363 | D:2      | Reached XP level 6. HP: 16/40 MP: 6/6
  1599 | D:2      | Found a faded altar of an unknown god.
  2160 | D:3      | Identified the +1 chain mail of Saicybe {rN+++}
  2634 | D:4      | Found a stormy altar of Qazlal.
  2896 | D:4      | Reached skill level 8 in Ranged Weapons
  3082 | D:5      | Entered Level 5 of the Dungeon
  3170 | D:5      | Reached XP level 7. HP: 7/44 MP: 7/7
  3454 | D:5      | Found a glowing drain.
  3460 | Sewer    | Entered a sewer
  3571 | Sewer    | Reached skill level 9 in Ranged Weapons
  4231 | D:5      | Found a broken altar of Ashenzari.
  4547 | D:5      | Found a staircase to the Ecumenical Temple.
  4553 | Temple   | Entered the Ecumenical Temple
  5017 | D:6      | Reached skill level 10 in Ranged Weapons
  5040 | D:6      | Noticed a two-headed ogre
  5079 | D:6      | Killed a two-headed ogre
  5080 | D:6      | Reached skill level 11 in Ranged Weapons
  5080 | D:6      | Reached XP level 8. HP: 8/49 MP: 8/8
  5616 | D:6      | Found a runed translucent gate.
  5616 | D:6      | Found a runed translucent gate.
  5628 | D:6      | Found a runed translucent gate.
  5630 | D:6      | Noticed TheSexyCheese's ghost (novice FeBe)
  5631 | D:6      | Noticed browni3141's ghost (novice HuGl)
  5631 | D:6      | Noticed Esekla's ghost (amateur OpDe)
  5631 | D:6      | Noticed bmack86's ghost (novice MiFi)
  5998 | D:6      | Found a faded altar of an unknown god.
  6001 | D:6      | Found a hazy altar of Hepliaklqana.
  6008 | D:6      | Became a worshipper of Hepliaklqana the Forgotten
  6217 | D:6      | Reached skill level 12 in Ranged Weapons
  6217 | D:6      | Reached XP level 9. HP: 54/54 MP: 9/9
  6579 | D:7      | Reached skill level 13 in Ranged Weapons
  6953 | D:7      | Found a white marble altar of Elyvilon.
  7049 | D:7      | Killed from afar by a steam dragon

Illustrated notes

Levels and vault maps discovered:
D:1:      minmay_arrival_checkered_box, layout_loops_ring,
          chequers_serial_rivers_large_a, kennysheep_another_room
D:2:      layout_basic, shapermc_ecumenical_altar_pompeii,
          hangedman_abyss_or_decor_lesser_grid, uniq_sigmund
D:3:      layout_rooms
D:4:      layout_cave_pools, nicolae_qazlal_scattered_showers
D:5:      nicolae_BIG_FREAKIN_CUBE, layout_cave_pods,
          mainiacjoe_overflow_catwalk, minmay_temple_entry_antechambers,
          gup_sewer_entry_pipe, minmay_misc_feat_pillars
D:6:      cheibrodos_thug_alley, layout_rooms,
          beargit_hepliaklqana_dungeon_heroes, gammafunk_ghost_cemetery,
          minmay_manual_mullet
D:7:      layout_basic, nicolae_elyvilon_peaceful_grove, serial_shops,
          kennysheep_mini, grunt_ministairs_13
Temple:   dpeg_five_rooms_temple

Skill      XL: |  1  2  3  4  5  6  7  8  9 |
---------------+----------------------------+-----
Fighting       | 3 5 |  5.0
Ranged Weapons | 7 8 11 12 13 | 13.7
Dodging        | 6 |  6.0
Stealth        | |  1.3

Action                     |  1- 3 |  4- 6 |  7- 9 || total
---------------------------+-------+-------+-------++-------
  Melee: Sling             |       |       |     1 ||     1
   Fire: Shortbow          |    59 |    31 |       ||    90
         Sling             |       |    52 |   258 ||   310
    Use: Scroll            |     3 |     6 |     7 ||    16
         Potion            |       |     1 |     4 ||     5
 Armour: Leather armour    |     3 |     1 |       ||     4
         Chain mail        |       |    39 |   236 ||   275
  Dodge: Dodged            |    21 |    11 |    95 ||   127

Table legend: (Time is in decaauts)
 A = Elapsed time spent in this place.
 B = Non-inter-level travel time spent in this place.
 C = Inter-level travel time spent in this place.
 D = Time resting spent in this place.
 E = Time spent auto-exploring this place.
 F = Levels seen in this place.
 G = Mean time per level.
                   A        B        C        D        E       F      G
               +--------+--------+--------+--------+--------+-----+--------+
         Total |   7332 |   7155 |    177 |   1134 |   5000 |   9 |  814.7 |
       Dungeon |   6655 |   6484 |    171 |   1051 |   4555 |   7 |  950.7 |
        Temple |    234 |    229 |      5 |      0 |    212 |   1 |  234.0 |
         Sewer |    442 |    442 |      0 |     83 |    233 |   1 |  442.0 |
               +--------+--------+--------+--------+--------+-----+--------+

Top non-repeatable levels by time:
     D:6: 1643 daAuts
     D:5: 1374 daAuts
     D:1: 1047 daAuts
     D:2: 989 daAuts
     D:4: 692 daAuts
     D:7: 515 daAuts
   Sewer: 442 daAuts
     D:3: 392 daAuts
  Temple: 234 daAuts
